 Dungeon Crawl Stone Soup version 0.22-a0-247-gbddf880 (webtiles) character file.

36 Borgoz the Skirmisher (level 3, 0/33 HPs)
             Began as a Hill Orc Abyssal Knight on Feb 24, 2018.
             Was a Believer of Lugonu.
             Hit by a goblin thrown by Robin (2 damage)
             ... on level 2 of the Dungeon.
             The game lasted 00:01:17 (1219 turns).

Borgoz the Skirmisher (Hill Orc Abyssal Knight)     Turns: 1219, Time: 00:01:18

Health: 0/33       AC:  3    Str: 14    XL:     3   Next: 37%
Magic:  5/5        EV: 11    Int: 12    God:    Lugonu [**....]
Gold:   64         SH:  0    Dex: 11    Spells: 2/2 levels left

rFire    . . .     SeeInvis .   a - +1 hand axe
rCold    . . .     Gourm    .   (no shield)
rNeg     . . .     Faith    .   b - +0 leather armour
rPois    .         Spirit   .   (no helmet)
rElec    .         Reflect  .   (no cloak)
rCorr    .         Harm     .   (no gloves)
MR       .....                  (no boots)
Stlth    +.........             (no amulet)
HPRegen  0.11/turn              (no ring)
MPRegen  0.09/turn              (no ring)

@: hasted, very quick
A: no striking features
a: Depart the Abyss, Bend Space, Renounce Religion


You were on level 2 of the Dungeon.
You worshipped Lugonu.
Lugonu was pleased with you.
You were not hungry.

You visited 1 branch of the dungeon, and saw 2 of its levels.
You visited the Abyss 1 time.

You collected 64 gold pieces.

Inventory:

Hand Weapons
 a - a +1 hand axe (weapon)
Armour
 b - a +0 leather armour (worn)
Scrolls
 g - a scroll of identify {unknown}
 h - a scroll of teleportation {unknown}
Potions
 e - a potion of curing
 f - a potion of berserk rage {unknown}
Comestibles
 c - 2 rations


   Skills:
 + Level 4.0 Fighting
 + Level 3.2 Axes
 + Level 2.6 Armour
 + Level 1.2 Dodging
 + Level 3.0 Invocations


You had 2 spell levels left.
You didn't know any spells.

Dungeon Overview and Level Annotations

Branches:
Dungeon (2/15)

Altars:

Annotations:
D:2 Robin


Message History

The goblin hits you with a dagger.
* * * LOW HITPOINT WARNING * * *
The goblin hits you with a club.
* * * LOW HITPOINT WARNING * * *
You hit Robin but do no damage. You closely miss the goblin.
You hit the goblin.
You kill the goblin!
Lugonu accepts your kill.
You can now bend space around yourself.
You hit the goblin. Robin misses you. The goblin hits you with a dagger.
* * * LOW HITPOINT WARNING * * *
The goblin hits you but does no damage.
It was a potion of curing.
You feel better. The goblin hits you with a dagger.
* * * LOW HITPOINT WARNING * * *
Robin hits you with a short sword.
* * * LOW HITPOINT WARNING * * *
The goblin barely misses you.
It was a potion of haste.
You feel yourself speed up.
The goblin no longer looks unusually strong. x2
Robin throws the goblin at you!
You die...

### #.# #<# #.# #.#
###.# #.# ..#.# #.#
#.#.# #.#. #.#?#
#.#...#g#)###
#######.#....g@g).#
#.......#...###g#.#
##.######. #.#.#
#.# #.#.# #.# #.#.#
#.# #.#.# #.# #.#.#
#.# #.#.# #.# #.#


You could see Robin and 3 goblins.

Vanquished Creatures
  A giant cockroach (D:1)
  13 goblins
  4 hobgoblins
  4 jackals (D:1)
  3 bats
  2 frilled lizards
  2 kobolds (D:1)
  3 rats
32 creatures vanquished.

Notes
Turn   | Place    | Note
-------+----------+-------------------------------------------
     0 | Abyss:1  | Borgoz the Hill Orc Abyssal Knight began the quest for the Orb.
     0 | Abyss:1  | Reached XP level 1. HP: 19/19 MP: 2/2
    28 | Abyss:1  | Noticed a starcursed mass
    29 | D:1      | Escaped the Abyss
   190 | D:1      | Reached * piety under Lugonu
   191 | D:1      | Reached skill level 1 in Dodging
   191 | D:1      | Reached XP level 2. HP: 14/27 MP: 3/3
  1153 | D:2      | Reached XP level 3. HP: 32/33 MP: 5/5
  1205 | D:2      | Noticed Robin
  1210 | D:2      | Reached skill level 4 in Fighting
  1217 | D:2      | Reached ** piety under Lugonu
  1219 | D:2      | Hit by a goblin thrown by Robin

Vault maps used:
D:1:      sevenhm_arrival_forest_fort_small_5, minmay_tetromino_t2
D:2:      cheibrodos_pilgrimage, nicolae_overflow_hidden_temple,
          okawaru_trees_2, first_ration, uniq_robin
Abyss:1:  hangedman_steaming_rock

Skill      XL: |  1  2  3 |
---------------+----------+-----
Dodging        | 1 |  1.2
Axes           | 3 |  3.2
Invocations    | 3 |  3.0
Fighting       | 4 |  4.0
Armour         | |  2.6

Action                   || total
-------------------------++-------
Melee: Hand axe          ||    80
Invok: Depart the Abyss  ||     1
  Use: Potion            ||     2
  Eat: Chunk             ||     1
Armor: Leather armour    ||    29
Dodge: Dodged            ||    63

Table legend:
 A = Spawn XP
 B = Non-spawn XP
 C = Spawn XP percentage of total XP
 D = Spawn monster count
 E = Non-spawn monster count
 F = Spawn count percentage of total count
 G = Total turns spent on level
                    A         B        C        D         E        F      G
               +---------+---------+-------+---------+---------+-------+---------
         Total |       0 |      52 |   0.0 |       0 |      32 |   0.0 |  1219
               +---------+---------+-------+---------+---------+-------+---------
           D:1 |       0 |      32 |   0.0 |       0 |      20 |   0.0 |  1092
           D:2 |       0 |      20 |   0.0 |       0 |      12 |   0.0 |    98
               +---------+---------+-------+---------+---------+-------+---------
